Map: Prion Terraces

Players

AkutanZero - Winner!

  • Race: Terran Terran
  • League: Silver

ImmortalZodd

  • Race: Zerg Zerg
  • League: Silver

VOD

Have the link to the VOD?

Description

Time

  • Played on: Jan. 29, 2016, 2:11 a.m.
  • Length: 24:26
Show
View Real Time Build Order
Export as new Build Order

AkutanZero Terran - Winner!

Build Orders: Command Center First (CC) 

Get SALT Encoding   

  12  0:24  SCV  
  13  0:36  SCV  
  14  0:48  SCV  
  15  0:56  Supply Depot  
  15  1:05  Command Center  
  15  1:16  Supply Depot  
  15  1:21  Barracks  
  15  1:25  SCV  
  16  1:41  Refinery  
  16  1:44  SCV  
  17  1:56  SCV  
  18  2:08  SCV  
  18  2:10  Marine  
  20  2:18  SCV  
  21  2:28  Marine  
  22  2:30  SCV  
  23  2:37  Orbital Command  
  23  2:42  SCV  
  24  2:45  Marine  
  25  2:51  Bunker  
  25  2:54  SCV, Refinery  
  25  2:56  Engineering Bay  
  26  3:03  Marine  
  27  3:06  SCV  
  28  3:18  SCV  
  29  3:21  Marine  
  29  3:22  Hi-Sec Auto Tracking  
  30  3:30  SCV  
  31  3:36  Bunker  
  31  3:39  Marine  
  32  3:42  SCV, Supply Depot  
  32  3:45  SCV  
  34  3:54  SCV  
  35  3:57  SCV, Marine  
  35  3:58  Factory  
  37  4:06  SCV  
  37  4:09  SCV  
  39  4:14  Marine  
  40  4:22  SCV  
  41  4:24  Command Center  
  41  4:34  Planetary Fortress  
  41  4:41  Refinery  
  41  4:43  Refinery  
  41  4:46  Factory Reactor  
  41  5:02  Sensor Tower  
  41  5:08  Sensor Tower  
  41  5:19  SCV  
  42  5:27  Command Center  
  42  5:31  SCV  
  43  5:43  SCV  
  44  5:51  Orbital Command  
  44  5:53  Widow Mine x2  
  48  6:09  Missile Turret  
  48  6:22  Widow Mine x2  
  52  6:32  Missile Turret  
  52  6:33  Missile Turret  
  52  6:34  Missile Turret  
  52  6:40  Missile Turret  
  52  6:41  Missile Turret  
  52  6:42  Missile Turret x2  
  52  6:43  Armory  
  52  6:50  Widow Mine x2  
  52  6:52  Factory  
  52  6:53  Factory  
  56  6:55  Terran Infantry Weapons Level 1  
  56  6:56  Factory  
  56  7:07  Orbital Command  
  56  7:15  SCV  
  57  7:19  Widow Mine x2  
  57  7:21  SCV  
  62  7:27  SCV  
  63  7:33  SCV  
  64  7:38  SCV  
  64  7:39  SCV  
  66  7:45  SCV  
  66  7:49  Factory Tech Lab  
  66  7:50  SCV, Factory Reactor x2  
  68  7:51  SCV  
  68  7:57  SCV  
  70  8:02  SCV  
  70  8:03  SCV  
  72  8:09  SCV  
  72  8:10  Orbital Command  
  73  8:14  SCV  
  74  8:22  Widow Mine x3  
  74  8:26  SCV  
  81  8:32  Drilling Claws  
  81  8:39  SCV  
  82  8:44  SCV  
  83  8:51  SCV  
  83  8:53  Command Center  
  84  8:56  Refinery  
  84  8:57  Command Center, Missile Turret  
  84  9:00  Refinery  
  84  9:03  Missile Turret  
  84  9:11  Supply Depot  
  84  9:12  Supply Depot  
  84  9:15  Supply Depot  
  84  9:16  Supply Depot  
  84  9:17  Supply Depot  
  84  9:19  Missile Turret  
  84  9:20  Missile Turret  
  84  9:26  Refinery, Missile Turret  
  84  9:27  Missile Turret  
  84  9:30  Refinery  
  84  9:32  Widow Mine x3  
  84  9:33  SCV x2  
  84  9:35  Engineering Bay  
  92  9:40  Missile Turret  
  92  9:42  Missile Turret  
  92  9:44  Armory  
  92  9:45  SCV x2  
  94  9:49  Missile Turret  
  94  9:50  Missile Turret  
  94  9:51  Infernal Pre-Igniter  
  94  9:52  Widow Mine x4  
  96  9:57  SCV x2  
  104  10:01  Widow Mine x3  
  104  10:03  Terran Infantry Weapons Level 2  
  104  10:04  Terran Infantry Armor Level 1  
  110  10:09  SCV  
  110  10:11  Armory  
  111  10:20  Widow Mine  
  111  10:21  Widow Mine x3  
  113  10:26  Factory  
  119  10:29  Widow Mine x3  
  119  10:30  Factory  
  119  10:32  Factory  
  119  10:33  Factory  
  107  10:49  Widow Mine x4  
  97  10:58  Widow Mine x3  
  97  11:01  Planetary Fortress  
  97  11:03  Planetary Fortress  
  101  11:09  Mag-Field Accelerator  
  101  11:17  Widow Mine  
  101  11:18  Widow Mine x3  
  109  11:27  Siege Tank  
  112  11:43  Factory Tech Lab  
  112  11:44  Factory Reactor  
  112  11:45  Factory Reactor x2  
  112  11:59  Siege Tank  
  115  12:11  SCV  
  116  12:20  Terran Vehicle Weapons Level 1, Terran Ship Weapons Level 1  
  116  12:21  Terran Vehicle And Ship Armor Level 1  
  116  12:22  Terran Infantry Armor Level 2  
  116  12:23  SCV  
  116  12:24  Terran Infantry Weapons Level 3  
  117  12:31  Siege Tank  
  117  12:32  Command Center  
  117  12:35  SCV  
  109  12:48  SCV  
  94  12:59  Siege Tank  
  94  13:00  SCV, Widow Mine x2  
  94  13:01  Widow Mine x8  
  94  13:03  Siege Tank  
  113  13:31  Siege Tank  
  116  13:35  Siege Tank  
  116  13:41  Starport  
  119  13:43  Starport  
  119  13:44  Starport  
  119  13:46  Starport  
  119  14:03  Siege Tank  
  119  14:07  Siege Tank  
  119  14:22  Command Center  
  119  14:24  Command Center  
  119  14:26  Command Center  
  119  14:30  Refinery x2  
  119  14:35  Siege Tank  
  122  14:39  Siege Tank  
  122  14:41  Orbital Command  
  125  15:39  SCV  
  126  15:51  SCV  
  126  16:03  SCV  
  127  16:07  Missile Turret  
  127  16:09  Missile Turret x4  
  127  16:10  Missile Turret x2  
  127  16:11  Missile Turret x3  
  127  16:14  Missile Turret  
  127  16:15  SCV  
  127  16:27  SCV  
  127  16:29  Missile Turret  
  127  16:32  Missile Turret x2  
  128  16:34  Missile Turret  
  128  16:35  Missile Turret x2  
  128  16:36  Missile Turret x2  
  128  16:40  Missile Turret  
  128  16:54  Widow Mine x5  
  128  16:55  Widow Mine x2  
  142  17:28  Supply Depot x2  
  140  17:30  Supply Depot  
  140  17:35  Widow Mine  
  131  17:49  Widow Mine x4  
  143  18:04  Widow Mine  
  141  18:07  Starport Reactor x2  
  141  18:10  Starport Reactor  
  139  18:13  Starport Reactor  
  139  18:17  Widow Mine x4  
  146  18:32  Widow Mine  
  148  18:41  Factory Reactor  
  148  18:43  Factory Reactor  
  148  18:46  Widow Mine x3  
  154  19:30  Command Center  
  154  19:31  Command Center  
  154  19:32  Command Center  
  154  19:35  Refinery  
  154  19:38  Refinery, Missile Turret  
  154  19:40  Missile Turret  
  154  19:41  Missile Turret  
  154  19:42  Missile Turret x4  
  154  19:44  Missile Turret x2  
  154  19:57  Refinery  
  154  19:58  Refinery  
  154  20:07  Missile Turret x2  
  154  20:09  Missile Turret x2  
  154  20:10  Missile Turret  
  154  20:12  Missile Turret x2  
  154  20:13  Missile Turret  
  154  20:15  Missile Turret  
  154  20:17  Missile Turret  
  154  20:20  Missile Turret  
  154  20:35  Missile Turret  
  154  20:41  Missile Turret, Widow Mine x2  
  158  20:42  Missile Turret  
  158  20:47  Missile Turret  
  158  20:49  Missile Turret  
  158  20:53  Missile Turret  
  158  21:02  Missile Turret  
  158  21:06  Command Center  
  158  21:16  Planetary Fortress  
  158  21:22  Orbital Command x2  
  158  21:58  Missile Turret  
  158  22:00  Missile Turret  
  158  22:03  Missile Turret  
  158  22:14  SCV  
  159  22:25  Orbital Command  
  159  22:26  SCV  
  160  22:32  Refinery  
  160  22:34  Refinery  
  160  22:38  SCV  
  161  22:50  SCV  
  162  22:56  Missile Turret  
  162  23:00  Missile Turret  
  162  23:04  SCV  
  163  23:07  SCV, Missile Turret  
  163  23:10  Missile Turret x2  
  163  23:12  Missile Turret  
  164  23:16  SCV  
  164  23:19  SCV  
  166  23:21  Factory  
  166  23:24  Factory  
  166  23:25  Barracks Tech Lab  
  166  23:26  Factory  
  166  23:28  SCV  
  166  23:31  SCV  
Show
View Real Time Build Order
Export as new Build Order

ImmortalZodd Zerg 

Build Orders: Hatch First 

Get SALT Encoding   

  12  0:01  Drone  
  13  0:08  Drone  
  14  0:17  Overlord  
  14  0:35  Drone x2  
  16  0:36  Drone  
  17  0:47  Drone  
  18  1:03  Hatchery  
  17  1:08  Drone  
  18  1:17  Drone  
  19  1:21  Extractor  
  19  1:22  Spawning Pool  
  17  1:29  Drone x2  
  19  1:42  Drone  
  20  1:51  Drone  
  21  2:01  Drone  
  22  2:14  Overlord, Queen  
  22  2:15  Queen  
  24  2:19  Zergling x2  
  27  2:23  Drone  
  28  2:30  Metabolic Boost  
  28  2:32  Zergling x2  
  29  2:40  Drone x2  
  31  2:47  Drone  
  31  2:49  Zergling x2  
  33  3:05  Queen  
  35  3:06  Drone  
  35  3:08  Overlord x2  
  36  3:13  Roach Warren  
  35  3:23  Drone  
  35  3:26  Hatchery  
  35  3:32  Drone x4  
  39  3:39  Extractor  
  38  3:43  Extractor  
  37  4:02  Lair  
  37  4:05  Drone  
  37  4:06  Drone x8  
  37  4:07  Drone x2  
  48  4:24  Roach x2  
  52  4:26  Evolution Chamber  
  52  4:27  Evolution Chamber  
  52  4:29  Drone  
  52  4:30  Drone  
  52  4:31  Overlord  
  52  4:40  Roach x3  
  58  4:56  Drone x3  
  58  4:57  Drone x4  
  58  4:58  Overlord  
  65  5:00  Glial Reconstitution  
  65  5:04  Zerg Missile Weapons Level 1  
  65  5:17  Drone x3  
  65  5:18  Drone x2  
  70  5:24  Zerg Ground Armor Level 1, Extractor  
  70  5:27  Extractor  
  68  5:36  Roach x3  
  68  5:37  Overlord  
  68  5:38  Overlord x4  
  74  5:56  Drone x4  
  78  5:58  Drone x2  
  78  6:00  Roach x4  
  88  6:04  Overseer  
  88  6:15  Roach x3  
  88  6:16  Roach x5  
  104  6:21  Roach x2  
  108  6:26  Roach x2  
  112  6:41  Roach, Extractor  
  112  6:42  Overlord x2  
  112  6:43  Overlord  
  113  6:48  Hydralisk Den  
  113  6:49  Roach  
  114  7:01  Roach x2  
  114  7:02  Roach x4  
  114  7:03  Infestation Pit, Roach x4  
  133  7:11  Roach x2  
  137  7:16  Overlord  
  137  7:17  Overlord x3  
  137  7:34  Hydralisk x6  
  137  7:35  Hydralisk x2  
  153  7:37  Roach  
  153  7:41  Roach  
  157  7:47  Hydralisk x2  
  161  8:01  Hydralisk x2  
  161  8:02  Hydralisk x2  
  169  8:08  Overlord x5  
  169  8:21  Zerg Missile Weapons Level 2  
  169  8:24  Zerg Ground Armor Level 2  
  169  8:35  Hive  
  169  8:39  Hydralisk  
  171  8:50  Hydralisk x3  
  171  8:54  Hydralisk  
  179  9:02  Hydralisk  
  179  9:03  Hydralisk x2  
  179  9:08  Hydralisk  
  187  9:14  Overseer x2  
  187  9:18  Hydralisk  
  189  9:24  Hydralisk  
  189  9:25  Hydralisk  
  193  9:35  Hydralisk  
  193  9:36  Hydralisk x2  
  179  10:46  Hydralisk  
  179  10:47  Hydralisk x6  
  179  10:48  Hydralisk x12  
  179  10:49  Hydralisk  
  184  10:59  Hydralisk  
  186  11:18  Hydralisk  
  161  11:19  Hydralisk x8  
  179  11:26  Overseer  
  179  11:27  Overseer x2  
  179  11:33  Overlord x2  
  179  11:34  Overlord x4  
  169  12:05  Hydralisk x5  
  169  12:06  Hydralisk x6  
  173  12:23  Hydralisk x5  
  173  12:27  Hydralisk  
  173  12:48  Hydralisk  
  173  12:49  Hydralisk x6  
  155  12:56  Hydralisk  
  155  12:57  Hydralisk  
  93  13:45  Spire  
  92  13:56  Overseer x3  
  78  14:16  Hatchery  
  77  14:47  Extractor  
  77  14:50  Extractor  
  75  15:02  Mutalisk x2  
  75  15:03  Mutalisk x12  
  75  15:04  Mutalisk  
  105  15:11  Zerg Flyer Weapons Level 1  
  105  15:30  Roach x2  
  105  15:31  Mutalisk, Roach  
  113  15:46  Mutalisk  
  113  15:47  Mutalisk x2  
  119  15:54  Zergling x2  
  119  15:55  Zergling x14  
  119  15:56  Zergling x22  
  119  15:57  Zergling x2  
  139  16:25  Hydralisk x5  
  139  16:26  Hydralisk  
  107  17:12  Mutalisk x5  
  107  17:13  Mutalisk x4  
  97  17:28  Mutalisk x3  
  93  18:06  Mutalisk x5  
  93  18:07  Mutalisk  
  97  18:25  Mutalisk x2  
  81  18:36  Zergling x14  
  81  18:37  Zergling x2  
  79  18:53  Zergling x6  
  82  19:03  Baneling Nest  
  82  19:06  Mutalisk  
  82  19:07  Mutalisk x2  
  87  19:15  Mutalisk  
  89  19:44  Zergling x8  
  89  19:45  Zergling x14  
  100  19:58  Baneling  
  100  19:59  Baneling x10  
  100  20:00  Baneling x2  
  100  20:05  Overseer  
  98  20:31  Baneling x4  
  98  20:32  Baneling x2  
  95  21:06  Zergling x2  
  95  21:07  Zergling x8  
  95  21:08  Zergling x8  
  104  21:45  Burrow  
  104  21:48  Baneling  
  104  21:49  Baneling x8  
  104  21:50  Baneling x7  
  104  21:58  Baneling x2  
  104  22:25  Zergling x10  
  104  22:26  Zergling x14  
  116  22:38  Ultralisk Cavern  
  115  22:44  Baneling x2  
  115  22:45  Baneling x2  
  115  22:47  Baneling  
  115  22:55  Baneling x36  
  115  23:22  Baneling x11  
  115  23:23  Baneling x6  
Tags
 
Add a new tag
Caveats
  • Supply blocks, unpowered buildings, or Contaminate may cause inaccurate times.
  • Supply counts are checked every 10 seconds.